 Dungeon Crawl Stone Soup version 0.29.1-1-gd02db6906a (webtiles) character file.

Game seed: 5230454989729704829

226 NullDivider the Sneak (level 6, -2/36 HPs)
             Began as an Octopode Hedge Wizard on Sept 22, 2022.
             Succumbed to a scorpion's poison
             ... on level 5 of the Dungeon.
             The game lasted 00:22:06 (3714 turns).

NullDivider the Sneak (Octopode Hedge Wizard)       Turns: 3714, Time: 00:22:07

Health: -2/36      AC:  1    Str:  9    XL:     6   Next: 1%
Magic:  10/11      EV: 13    Int: 29    God:
Gold:   193        SH:  0    Dex: 13    Spells: 7/12 levels left

rFire   . . .      SeeInvis .   e - +4 dagger
rCold   + . .      Faith    .   (no shield)
rNeg    . . .      Spirit   .   b - +0 hat
rPois   .          Reflect  .   (no amulet)
rElec   .          Harm     .   h - +6 ring of intelligence
rCorr   .          Rampage  .   s - ring "Axiur" {rC+ Int+6}
Will    .....                   g - ring of flight
Stlth   ++++......              (no ring)
HPRegen 0.12/turn               (no ring)
MPRegen 0.12/turn               (no ring)
                                (no ring)
                                (no ring)

@: lethally poisoned (-2 -> -13), flying
A: almost no armour, amphibious, 8 rings, camouflage 1, gelatinous body 1,
(nimble swimmer 1), tentacles
a: no special abilities


You were on level 5 of the Dungeon.
You visited 1 branch of the dungeon, and saw 5 of its levels.

You collected 193 gold pieces.

Inventory:

Hand Weapons
 e - a +4 dagger (weapon)
Armour
 b - a +0 hat (worn)
 n - an orb of energy
Jewellery
 g - a ring of flight (on tentacle)
 h - a +6 ring of intelligence (left tentacle)
 s - the ring "Axiur" (right tentacle) {rC+ Int+6}
   (You found it on level 3 of the Dungeon)

   [ring of intelligence]

   Int:       It affects your intelligence (+6).
   rC:        It protects you from cold.
Wands
 q - a wand of flame (10)
 v - a wand of iceblast (4)
Scrolls
 f - 2 scrolls of magic mapping
 i - 2 scrolls of teleportation
 j - a scroll of silence {unknown}
 l - 2 scrolls of amnesia
 t - 2 scrolls of poison {unknown}
 u - a scroll of enchant weapon {unknown}
Potions
 a - 2 potions of curing
 c - a potion of magic
 d - 3 potions of ambrosia
 k - a potion of brilliance {unknown}
 m - a potion of heal wounds {unknown}
 o - a potion of lignification {unknown}
 p - a potion of berserk rage {unknown}
 r - a potion of mutation {unknown}


   Skills:
 * Level 2.5 Short Blades
 + Level 2.6 Dodging
 * Level 4.6 Stealth
 * Level 3.9 Spellcasting
 - Level 1.5 Conjurations
 - Level 1.5 Summonings
 - Level 1.5 Translocations


You had 7 spell levels left.
You knew the following spells:

 Your Spells              Type           Power      Damage    Failure   Level
a - Magic Dart            Conj           56%        1d5       3%          1
b - Call Imp              Summ           14%        N/A       5%          2
c - Blink                 Tloc           28%        N/A       5%          2

Your spell library contained the following spells:

 Spells                   Type           Power      Damage    Failure   Level
 Slow                     Hex            20%        N/A       7%          1
 Conjure Flame            Conj/Fire      10%        6-21      16%         3
 Mephitic Cloud           Conj/Pois/Air  8%         N/A       17%         3


Dungeon Overview and Level Annotations

Branches:
Dungeon (5/15)
 Temple: D:4-7

Altars:
Ru

Shops:
D:1 :   D:3 [(=[*


Innate Abilities, Weirdness & Mutations

You cannot wear most types of armour.
You are amphibious.
You can wear up to eight rings at the same time.
Your skin changes colour to match your surroundings (Stealth+).
Your rubbery body absorbs attacks. (AC +1, EV +1)
((You are camouflaged when in or above water. (Stealth+)))
You have tentacles for arms and can constrict up to eight enemies at once.


Message History

You hit the scorpion.
The scorpion is moderately wounded.
You constrict the scorpion.
You feel very sick. The scorpion stings you.
The scorpion completely misses you.
You hit the scorpion but do no damage.
The scorpion is moderately wounded.
You constrict the scorpion, but do no damage.
You feel sick. The scorpion stings you.
You hit the scorpion.
The scorpion is heavily wounded.
You constrict the scorpion, but do no damage.
You feel sick.
The orc wizard hits you but does no damage.
The scorpion barely misses you.
The orc wizard shouts!
You hit the scorpion but do no damage.
The scorpion is heavily wounded.
You constrict the scorpion.
You feel sick. The orc wizard closely misses you.
The scorpion closely misses you.
Casting: Blink (safe; 5% risk of failure)
Confirm with . or Enter, or press ? or * to list all spells.
You blink.
You lose your grip on the scorpion.
Found 18 gold pieces and 2 scrolls of identify.
You feel sick.
You feel sick.
You feel sick.
You feel sick.
You are no longer poisoned.
Found a scroll of teleportation.
You feel stable enough to blink again.
The orc wizard mumbles some strange words.
The orc wizard flickers and vanishes!
Deactivating autopickup; reactivate with Ctrl-A.
The scorpion attacks as you move away! The scorpion misses you.
The scorpion attacks as you move away! The scorpion stings you.
* * * LOW HITPOINT WARNING * * *
You are lethally poisoned!
The scorpion poisons you!
You die...

..#.##....#..####...#.#***** ****
................#...###*,*,****,,
...........##.#.....# *,,,,,*,,,,
............###.#...# *,,*,,,,,*,
............# ###..## **,*,,*,,**
,...?.#.....# #...### *,**,*,,,*
,o..##......# ##....?# *,**,,,,,,
,..#.#......###......#**,,*,,,***
,**.#....oo...s.@##..#*,<,***,,**
*,*#........o...##*...>,*** *,***
,*,#............#*,,,,,,,** *,***
*,#........#....#*,,,,,,,,***,,**
**.........#....#*,,,,,,,,,,,,***
,,.............$..,**,,,,,,,,,,*,
,,.................**,,,,,**,,,,,
**.?...............**,,,,,**,,,,,
*,*..........,....,,,,,,,**,,,*,,


You could see a scorpion, an orc wizard and 2 orcs.

Vanquished Creatures
  A black bear (D:4)
  5 adders
  2 worms (D:2)
  3 dart slugs
  6 ball pythons
  10 endoplasms
  3 giant cockroaches
  10 goblins
  4 hobgoblins
  8 jackals
  2 quokkas
  6 bats
  4 frilled lizards
  6 kobolds
  7 rats
77 creatures vanquished.

Notes
Turn   | Place    | Note
-------+----------+-------------------------------------------
     0 | D:1      | NullDivider the Octopode Hedge Wizard began the quest for
                  | the Orb.
     0 | D:1      | Reached XP level 1. HP: 11/11 MP: 4/4
   120 | D:1      | Reached XP level 2. HP: 13/17 MP: 6/6
   209 | D:1      | Reached skill level 3 in Stealth
   311 | D:1      | Found Rikhly's Book Emporium.
   318 | D:1      | Learned a level 2 spell: Call Imp
   321 | D:1      | Learned a level 2 spell: Blink
   516 | D:1      | Reached XP level 3. HP: 19/21 MP: 7/7
   675 | D:1      | Reached skill level 1 in Short Blades
  1372 | D:2      | Reached XP level 4. HP: 21/27 MP: 3/8
  2409 | D:3      | Found Vithru's Weapon Shoppe.
  2583 | D:3      | Identified the +0 robe "Suifun" {Regen+ Dex+4}
  2642 | D:3      | Identified the ring "Axiur" {rC+ Int+6}
  2706 | D:3      | Reached XP level 5. HP: 26/31 MP: 8/10
  2835 | D:3      | Found a faded altar of an unknown god.
  2954 | D:3      | Found Hezi's Armour Shop.
  2956 | D:3      | Found Nontab's Jewellery Boutique.
  3002 | D:3      | Found Mesafymn's Assorted Antiques.
  3068 | D:3      | Found Ejaedot's Armour Shoppe.
  3323 | D:4      | Noticed a black bear
  3332 | D:4      | Killed a black bear
  3333 | D:4      | Reached skill level 4 in Stealth
  3399 | D:4      | Reached XP level 6. HP: 36/36 MP: 11/11
  3413 | D:4      | HP: 1/36 [iguana (13)]
  3436 | D:5      | Entered Level 5 of the Dungeon
  3647 | D:5      | Found a sacrificial altar of Ru.
  3714 | D:5      | HP: 1/36 [scorpion (4)]
  3714 | D:5      | Succumbed to a scorpion's poison

Illustrated notes

Levels and vault maps discovered:
D:1:      dpeg_arrival_subterranean_lakeside_camping, layout_basic,
          serial_shops, shop, chequers_big_river
D:2:      layout_loops_cross, minmay_split_cup_small
D:3:      layout_loops_cross, shapermc_ecumenical_altar_starsandcircs,
          serial_shops, shop, nicolae_shop_stone, shop,
          nicolae_shop_hallway_plus, nicolae_lakefront_shop
D:4:      layout_cave_pools
D:5:      layout_cave_pools, nicolae_overflow_hidden_temple,
          minmay_misc_feat_secret_circle, uniq_grinder

Skill      XL: |  1  2  3  4  5 |
---------------+----------------+-----
Stealth        | 3 4 |  4.6
Short Blades   | 1 2 |  2.5
Dodging        | |  2.6
Spellcasting   | |  3.9
Conjurations   | |  1.5
Summonings     | |  1.5
Translocations | |  1.5

Action                   |  1- 3 |  4- 6 || total
-------------------------+-------+-------++-------
Melee: Dagger            |    65 |    68 ||   133
       Constrict         |    11 |    14 ||    25
       Tentacles         |     5 |    13 ||    18
       Punch             |     2 |       ||     2
 Cast: Magic Dart        |    10 |    16 ||    26
       Blink             |       |     2 ||     2
  Use: Scroll            |       |     6 ||     6
       Potion            |       |     2 ||     2
 Stab: Sleeping          |    12 |    14 ||    26
Armor: Skin              |     8 |     5 ||    13
Dodge: Dodged            |    33 |    49 ||    82
